 Dungeon Sprint DCSS version 0.17-a0-1701-gf693a3f (webtiles) character file.

2742 Kidiri the Protected (level 9, -4/85 HPs)
             Began as a Minotaur Fighter on Aug 21, 2015.
             Was a Believer of Okawaru.
             Killed from afar by an orc sorcerer (26 damage)
             ... with a bolt of negative energy
             ... while paralysed by an orc sorcerer
             ... in the Dungeon (Sprint III: "The Ten Rune Challenge").
             The game lasted 00:06:38 (2017 turns).

Kidiri the Protected (Minotaur Fighter)             Turns: 2017, Time: 00:06:38

Health: -4/85      AC: 10    Str: 24    XL:     9   Next: 41%
Magic:  12/12      EV:  2    Int:  5    God:    Okawaru [**....]
Gold:   41         SH:  0    Dex: 10    Spells: 0 memorised, 8 levels left

rFire  . . .     SeeInvis .     a - +0 flail
rCold  . . .     Clarity  .     b - +0 scale mail
rNeg   . . .     SustAt   .     c - +0 shield
rPois  .         Gourm    .     (helmet restricted)
rElec  .         Spirit   .     (no cloak)
rCorr  .         Warding  .     (no gloves)
rMut   .         NoTele   +     (no boots)
MR     .....                    (no amulet)
Stlth  ..........               (no ring)
                                (no ring)

@: paralysed, heavily drained, not resistant to hostile enchantments, extremely
unstealthy
A: retaliatory headbutt, horns 2, molten scales 1
a: Heroism, Renounce Religion


You were in the Dungeon.
You worshipped Okawaru.
Okawaru was pleased with you.
You were not hungry.

You visited 1 branch You collected 41 gold pieces.

Inventory:

Hand weapons
 a - a +0 flail (weapon)
Armour
 b - a +0 scale mail (worn)
 c - a +0 shield (worn)
Magical devices
 g - a wand of flame (25)
Scrolls
 k - a scroll of blinking
 o - 4 scrolls of remove curse
Potions
 d - a potion of might
 f - 2 potions of curing
 h - a potion of haste
 i - 2 potions of magic
 l - a potion of lignification {unknown}
 q - a potion of cure mutation
 r - a potion of resistance {unknown}
 u - a potion of flight {unknown}
Comestibles
 p - 3 royal jellies


   Skills:
 + Level 9.8(8.4) Fighting
 * Level 12.6(11.1) Maces & Flails
 * Level 12.9(11.4) Armour
 + Level 8.2(6.8) Dodging
 * Level 12.9(11.4) Shields
 + Level 5.3(4.1) Invocations


You had 8 spell levels left.
You didn't know any spells.

Dungeon Overview and Level Annotations

Branches:
Dungeon (1/1)

Altars:
Cheibriados
Dithmenos
Elyvilon
Fedhas
Gozag
Kikubaaqudgha
Makhleb
Nemelex Xobeh
Okawaru
Qazlal
Ru
Sif Muna
Trog
Vehumet
Xom
Yredelemnul
Zin
The Shining One
Jiyva
Lugonu


Innate Abilities, Weirdness & Mutations

You reflexively headbutt those who attack you in melee.
You have a pair of horns on your head.
You are partially covered in molten scales (AC +1).


Message History

The orc sorcerer hits you but does no damage.
The orc high priest calls upon Beogh to heal the orc sorcerer.
The orc sorcerer's wounds heal themselves!
You block the red devil's attack.
You hit the orc sorcerer. You headbutt the orc sorcerer.
The orc sorcerer is lightly wounded.
The orc sorcerer casts a spell at you.
You suddenly lose the ability to move!
The red devil hits you with a trident! The orc sorcerer casts a spell at you.
Helpless, you fail to dodge the bolt of negative energy.
You feel drained. The red devil hits you with a trident.
The orc sorcerer hits you but does no damage.
The red devil hits you with a trident!
* * * LOW HITPOINT WARNING * * *
The orc sorcerer points at you and mumbles some strange words.
Helpless, you fail to dodge the bolt of negative energy.
You feel drained.
You die...

▓▓▓ ♣.############ ## #
♣♣.#___#__[#__###$##.#$
♣..#)..#.÷.#[_#oo......
♣♣♣.###+#+###÷##ooo.....
.♣..#..........#4ooo....
♣...'.⌠........#@#
≈♣..#...######'#(#
....#.⌠.#__#...#§###############
....#...#__#...#§§)§§'.#(÷...+.#
....#÷###__#...#§#§§§#.#)#...##.#
....#[):#__#...'.#.§§#.#(#...# #.
....#___#_.+...#.#§.§#..(#...# #
▓▓▓▓▓▓▓▓▓▓▓▓▓▓▓▓▓▓▓▓▓▓▓▓▓▓▓▓▓#


You could see an orc high priest, an orc sorcerer, a red devil, an orc priest
and 5 orcs.

Vanquished Creatures
  Josephine (D)
  A centaur warrior (D)
  A deep elf priest (D)
  A shadow (D)
  A spatial vortex (D)
  2 centaurs (D)
  A necrophage (D)
  An earth elemental (D)
  A water elemental (D)
  A wizard (D)
  An orc wizard (D)
  A jelly (D)
  A wolf (D)
  Jessica (D)
  A necromancer (D)
  3 humans (D)
  A kobold demonologist (D)
  2 oozes (D)
  6 orcs (D)
  A rat (D)
29 creatures vanquished.

Vanquished Creatures (others)
  2 draconian scorchers (D)
  3 yaktaurs (D)
  A plant (D)
6 creatures vanquished.

Grand Total: 35 creatures vanquished

Notes
Turn   | Place    | Note
--------------------------------------------------------------
     0 | D        | Kidiri the Minotaur Fighter began the quest for the Orb.
     0 | D        | Reached XP level 1. HP: 19/19 MP: 0/0
     4 | D        | Reached skill level 4 in Armour
     6 | D        | Reached skill level 1 in Dodging
     6 | D        | Reached XP level 2. HP: 18/27 MP: 1/1
   108 | D        | Noticed Jessica
   121 | D        | Killed Jessica
   121 | D        | Reached skill level 5 in Armour
   121 | D        | Reached skill level 5 in Shields
   121 | D        | Reached XP level 3. HP: 24/34 MP: 2/2
   124 | D        | Killed a white draconian scorcher
   142 | D        | Killed a white draconian scorcher
   229 | D        | Killed a yaktaur
   381 | D        | Killed a yaktaur
   459 | D        | Noticed a wolf
   471 | D        | Killed a wolf
   471 | D        | Reached skill level 5 in Fighting
   471 | D        | Reached skill level 5 in Maces & Flails
   471 | D        | Reached skill level 6 in Armour
   471 | D        | Reached XP level 4. HP: 28/42 MP: 3/3
   500 | D        | Gained mutation: You are partially covered in molten scales (AC +1). [potion of mutation]
   500 | D        | Gained mutation: You possess an exceptional clarity of mind. [potion of mutation]
   500 | D        | Gained mutation: Your system is resistant to poisons. [potion of mutation]
   501 | D        | Gained mutation: Your muscles are strong. (Str +2) [potion of mutation]
   501 | D        | Gained mutation: Armour fits poorly on your strangely shaped body. [potion of mutation]
   650 | D        | Lost mutation: Your system is resistant to poisons. [potion of cure mutation]
   650 | D        | Lost mutation: Armour fits poorly on your strangely shaped body. [potion of cure mutation]
   650 | D        | Lost mutation: You possess an exceptional clarity of mind. [potion of cure mutation]
   650 | D        | Lost mutation: Your muscles are strong. (Str +2) [potion of cure mutation]
   675 | D        | Noticed a water elemental
   691 | D        | Killed a water elemental
   691 | D        | Reached skill level 7 in Armour
   691 | D        | Reached XP level 5. HP: 8/48 MP: 4/4
   965 | D        | Found an iron altar of Okawaru.
   965 | D        | Found a bloodstained altar of Trog.
   965 | D        | Noticed a human
   966 | D        | Noticed a human
   974 | D        | Killed a human
   974 | D        | Reached skill level 8 in Armour
   974 | D        | Reached XP level 6. HP: 43/58 MP: 5/5
  1004 | D        | Killed a human
  1004 | D        | Reached skill level 9 in Armour
  1004 | D        | Reached skill level 5 in Dodging
  1036 | D        | Became a worshipper of Warmaster Okawaru
  1208 | D        | Found a radiant altar of Vehumet.
  1208 | D        | Found a deep blue altar of Sif Muna.
  1208 | D        | Found an ancient bone altar of Kikubaaqudgha.
  1208 | D        | Noticed a wizard
  1214 | D        | Killed a wizard
  1243 | D        | Found a glowing silver altar of Zin.
  1244 | D        | Found a glowing golden altar of the Shining One.
  1244 | D        | Found a white marble altar of Elyvilon.
  1244 | D        | Noticed a deep elf priest
  1256 | D        | Killed a deep elf priest
  1256 | D        | Acquired Okawaru's first power
  1256 | D        | Reached skill level 10 in Armour
  1256 | D        | Reached skill level 10 in Shields
  1256 | D        | Reached XP level 7. HP: 50/67 MP: 5/7
  1336 | D        | Found a basalt altar of Yredelemnul.
  1336 | D        | Found a snail-covered altar of Cheibriados.
  1336 | D        | Found a blossoming altar of Fedhas.
  1336 | D        | Noticed a necrophage
  1336 | D        | Noticed a necromancer
  1342 | D        | Killed a necromancer
  1345 | D        | Killed a necrophage
  1345 | D        | Reached skill level 10 in Maces & Flails
  1360 | D        | Noticed a jelly
  1361 | D        | Noticed a shadow
  1374 | D        | Killed a shadow
  1378 | D        | Killed a jelly
  1397 | D        | Killed a yaktaur
  1467 | D        | Found a stormy altar of Qazlal.
  1467 | D        | Found a sacrificial altar of Ru.
  1467 | D        | Found a burning altar of Makhleb.
  1467 | D        | Found a shimmering altar of Xom.
  1468 | D        | Found a viscous altar of Jiyva.
  1468 | D        | Found a shadowy altar of Dithmenos.
  1468 | D        | Found a sparkling altar of Nemelex Xobeh.
  1468 | D        | Found a corrupted altar of Lugonu.
  1468 | D        | Found an opulent altar of Gozag.
  1468 | D        | Noticed a spatial vortex
  1475 | D        | Killed a spatial vortex
  1475 | D        | Reached skill level 11 in Armour
  1475 | D        | Reached XP level 8. HP: 74/74 MP: 9/9
  1492 | D        | Noticed Josephine
  1505 | D        | Killed Josephine
  1505 | D        | Reached skill level 12 in Armour
  1561 | D        | Noticed an earth elemental
  1574 | D        | Killed an earth elemental
  1740 | D        | Noticed a centaur
  1740 | D        | Noticed a centaur warrior
  1740 | D        | Noticed a centaur
  1751 | D        | Killed a centaur warrior
  1751 | D        | Reached skill level 5 in Invocations
  1751 | D        | Reached XP level 9. HP: 58/84 MP: 11/11
  1759 | D        | Killed a centaur
  1761 | D        | Killed a centaur
  1977 | D        | Noticed an orc priest
  1977 | D        | Noticed an orc wizard
  1985 | D        | Killed an orc wizard
  1991 | D        | Noticed an orc sorcerer
  1991 | D        | Noticed an orc high priest
  1992 | D        | Noticed a sixfirhy
  2001 | D        | Killed a sixfirhy
  2014 | D        | Paralysed by an orc sorcerer for 7 turns
  2017 | D        | Killed from afar by an orc sorcerer

Vault maps used:
D:        dungeon_sprint_mu

Action                   |  1- 3 |  4- 6 |  7- 9 || total
-------------------------+-------+-------+-------++-------
Melee: Flail             |    32 |    51 |    87 ||   170
  Use: Potion            |     1 |     4 |       ||     5
       Scroll            |       |     3 |       ||     3
  Eat: Bread ration      |       |     1 |       ||     1
